Map: Battle on the Boardwalk LE

Players

Rob

  • Race: Protoss Protoss
  • League: Grandmaster
  • Spawn Location: 11:00

Jason - Winner!

  • Race: Terran Terran
  • League: Grandmaster
  • Spawn Location: 1:00

VOD

Have the link to the VOD?

Description

Time

  • Played on: May 13, 2019, 8:03 p.m.
  • Length: 5:59
Show
View Real Time Build Order
Export as new Build Order

Rob Protoss 

Build Orders:  

Get SALT Encoding   

  12  0:00  Probe  
  13  0:12  Probe  
  14  0:17  Pylon  
  14  0:24  Probe  
  15  0:36  Probe  
  15  0:39  Forge  
  16  0:48  Pylon  
  16  1:10  Pylon  
  16  1:13  Photon Cannon  
  16  1:17  Probe  
  17  1:23  Photon Cannon  
  16  1:29  Probe  
  17  1:36  Gateway  
  17  1:41  Probe  
  18  1:49  Probe  
  18  1:50  Assimilator  
  19  1:54  Assimilator  
  19  1:57  Probe  
  19  2:07  Probe  
  20  2:15  Probe  
  21  2:23  Probe  
  22  2:31  Cybernetics Core  
  22  2:34  Probe  
  23  2:46  Probe  
  23  2:58  Stalker, Probe  
  23  3:11  Warp Gate  
  25  3:17  Probe  
  26  3:20  Nexus  
  26  3:23  Pylon  
  30  3:27  Stalker  
  25  3:29  Probe  
  27  3:43  Pylon  
  27  3:48  Pylon  
  27  3:56  Robotics Facility  
  27  4:01  Stalker, Probe  
  30  4:13  Probe  
  31  4:22  Gateway  
  31  4:23  Gateway  
  31  4:25  Probe  
  32  4:32  Probe  
  32  4:38  Probe  
  34  4:44  Probe  
  35  4:46  Immortal  
  39  5:05  Probe  
  39  5:06  Probe  
  41  5:11  Stalker  
  43  5:17  Stalker  
  43  5:18  Stalker  
  47  5:27  Shield Battery  
  43  5:35  Stalker  
  45  5:45  Stalker x2  
Show
View Real Time Build Order
Export as new Build Order

Jason Terran - Winner!

Build Orders:  

Get SALT Encoding   

  12  0:00  SCV  
  13  0:12  SCV  
  14  0:18  Supply Depot  
  14  0:25  SCV  
  15  0:29  Refinery  
  15  0:39  SCV  
  16  0:46  Barracks  
  16  0:52  SCV  
  17  1:04  SCV  
  18  1:10  Supply Depot  
  18  1:33  Marine  
  18  1:34  Bunker  
  18  1:36  Bunker  
  19  1:46  Orbital Command  
  18  1:51  Marine  
  19  2:06  Factory  
  18  2:08  Marine, Supply Depot  
  18  2:12  SCV  
  20  2:24  SCV  
  20  2:26  Reaper  
  22  2:33  Refinery  
  22  2:43  SCV  
  23  2:52  Factory Tech Lab  
  23  2:57  Starport  
  23  2:58  SCV  
  23  3:01  Barracks Reactor  
  24  3:12  SCV  
  24  3:15  Supply Depot  
  24  3:24  Siege Tank  
  24  3:25  SCV  
  28  3:37  SCV  
  28  3:39  Marine x2  
  28  3:40  Viking  
  33  3:45  Supply Depot  
  32  3:51  SCV  
  33  3:56  Marine  
  33  3:57  Marine  
  33  4:00  Siege Tank  
  38  4:05  SCV  
  38  4:08  Supply Depot  
  39  4:14  Marine  
  40  4:17  Medivac  
  40  4:18  Marine  
  40  4:21  SCV  
  44  4:26  Supply Depot  
  44  4:32  Marine  
  44  4:35  Marine  
  46  4:40  Siege Tank  
  49  4:48  SCV  
  49  4:50  Marine  
  51  4:53  Marine  
  52  5:08  Marine  
  52  5:12  Siege Tank  
  56  5:17  Marine  
  56  5:35  Marine x2  
  52  5:37  Bunker  
  53  5:51  Bunker  
Tags
 
Add a new tag
Caveats
  • Supply blocks, unpowered buildings, or Contaminate may cause inaccurate times.
  • Supply counts are checked every 10 seconds.